 Dungeon Crawl Stone Soup version 0.27-a0-1202-ge72e49191c (webtiles) character file.

Game seed: 4528726179482160338

434 robertstho the Bolt Thrower (level 7, -1/41 HPs)
             Began as a Tengu Hunter on June 3, 2021.
             Was an Initiate of Okawaru.
             Slain by a gnoll
             ... wielding a +0 halberd
              (5 damage)
             ... on level 4 of the Dungeon.
             The game lasted 00:08:39 (4306 turns).

robertstho the Bolt Thrower (Tengu Hunter)          Turns: 4306, Time: 00:08:39

Health: -1/41      AC:  8    Str: 14    XL:     7   Next: 0%
Magic:  8/8        EV:  8    Int: 11    God:    Okawaru [......]
Gold:   219        SH:  0    Dex: 15    Spells: 6/6 levels left

rFire    . . .     SeeInvis .   r - +1 hand axe (elec)
rCold    . . .     Faith    .   (no shield)
rNeg     . . .     Spirit   .   u - +0 chain mail
rPois    .         Reflect  .   (helmet restricted)
rElec    .         Harm     .   (no cloak)
rCorr    .         Rampage  .   (no gloves)
Will     .....                  (boots unavailable)
Stlth    ..........             (no amulet)
HPRegen  0.13/turn              (no ring)
MPRegen  0.11/turn              (no ring)

@: flying quickly and evasively, quick
A: beak, talons 3, nimble flight
a: Renounce Religion


You were on level 4 of the Dungeon.
You worshipped Okawaru.
Okawaru was noncommittal.
You visited 2 branches of the dungeon, and saw 5 of its levels.

You collected 219 gold pieces.

Inventory:

Hand Weapons
 a - a +1 hand crossbow
 b - a +0 short sword
 q - a +2 dagger of draining
 r - a +1 hand axe of electrocution (weapon)
Missiles
 d - 4 bolts
 s - 5 boomerangs of dispersal (quivered)
Armour
 u - a +0 chain mail (worn)
Scrolls
 c - a scroll of immolation
 j - a scroll of teleportation
 k - a scroll of fog
 l - a scroll of summoning
 o - a scroll of vulnerability
Potions
 g - 2 potions of ambrosia
 h - a potion of invisibility {unknown}
 i - 6 potions of curing {unknown}
 m - a potion of heal wounds {unknown}
 n - a potion of haste
 t - a potion of cancellation


   Skills:
 + Level 3.4 Fighting
 + Level 0.3 Short Blades
 + Level 0.2 Axes
 + Level 7.1 Crossbows
 + Level 2.6 Armour
 + Level 2.3 Dodging
 + Level 1.7 Stealth
 * Level 1.2 Invocations


You had 6 spell levels left.
You didn't know any spells.
Your spell library was empty.

Dungeon Overview and Level Annotations

Branches:
Dungeon (4/15)             Temple (1/1) D:4

Altars:
Dithmenos
Kikubaaqudgha
Okawaru
Sif Muna
Trog
Uskayaw
Vehumet
Xom
The Shining One

Shops:
D:1 [


Innate Abilities, Weirdness & Mutations

You have a beak for a mouth.
You have claws for feet.
Your magical nature lets you fly swiftly and evasively.


Message History

The hobgoblin closely misses you.
You hit the hobgoblin but do no damage.
You claw the hobgoblin, but do no damage.
You closely miss the hobgoblin.
The hobgoblin unwields a +0 hunting sling.
The hobgoblin hits you but does no damage.
The hobgoblin barely misses you. The hobgoblin closely misses you.
Your chain mail prevents you from hitting the hobgoblin.
You claw the hobgoblin.
The hobgoblin is almost dead.
You completely miss the hobgoblin. The hobgoblin barely misses you. x2
The hobgoblin splashes around in the water.
You closely miss the hobgoblin. You claw the hobgoblin.
You kill the hobgoblin!
You hear a splash. x2
You hit the hobgoblin but do no damage.
The hobgoblin hits you but does no damage.
You have reached level 7!
You closely miss the hobgoblin. Your kick misses the hobgoblin.
The hobgoblin hits you but does no damage.
You hit the hobgoblin.
You kill the hobgoblin!
Okawaru accepts your kill.
No target in view!
No target in view!
You now have 219 gold pieces (gained 13).
A gnoll comes into view. It is wielding a +0 halberd.
Things that are here:
a +0 hunting sling; 9 sling bullets; a hobgoblin corpse The gnoll shouts!
The gnoll hits you with a +0 halberd!
You closely miss the gnoll. The gnoll closely misses you.
You barely miss the gnoll. Your kick misses the gnoll.
The gnoll hits you but does no damage. The gnoll hits you with a +0 halberd!
You closely miss the gnoll. The gnoll hits you with a +0 halberd!
* * * LOW HITPOINT WARNING * * *
You barely miss the gnoll. You claw the gnoll.
The gnoll is moderately wounded.
The gnoll hits you with a +0 halberd.
You die...

######################''#########
≈≈≈≈≈≈≈≈≈≈≈≈≈≈≈≈≈≈≈≈≈.....≈≈≈≈≈≈≈
≈≈≈≈≈≈≈≈≈≈≈≈≈≈≈≈≈≈≈≈.....≈≈≈≈≈≈≈≈
≈≈≈≈≈≈≈≈≈≈≈≈≈≈≈≈≈≈≈≈....(.≈≈≈≈≈≈≈
≈≈..≈≈≈.≈≈≈≈≈)≈...≈≈≈....≈≈≈≈≈≈.≈
...........)......)..............
............................(....
#.#.##...........................
...(##.#######..@###)#.#...######
#......# ###g....#.###.##
##...### ###.......# #..# #.###
###......#### ##.##### #.#
#.....##.## #...... ##.#
##.##.###..# ####### #..# #.....#
##.# # #.## #..#### #.# ### #.#
##..# #.# #..


You could see a gnoll.

Vanquished Creatures
  A black bear (D:4)
  An ogre (D:4)
  2 hounds (D:4)
  An orc priest (D:3)
  An iguana (D:4)
  An orc wizard (D:3)
  A gnoll (D:4)
  2 adders
  4 dart slugs
  10 orcs
  5 ball pythons
  8 endoplasms
  A giant cockroach (D:2)
  14 goblins
  12 hobgoblins
  2 jackals (D:1)
  5 kobolds
  4 quokkas
  7 bats
  4 frilled lizards
  6 rats
92 creatures vanquished.

Notes
Turn   | Place    | Note
-------+----------+-------------------------------------------
     0 | D:1      | robertstho the Tengu Hunter began the quest for the Orb.
     0 | D:1      | Reached XP level 1. HP: 12/12 MP: 2/2
   244 | D:1      | Reached XP level 2. HP: 17/17 MP: 3/3
   265 | D:1      | Found Ypopo Wuleh's Armour Shoppe.
   271 | D:1      | Reached skill level 5 in Crossbows
   330 | D:1      | Reached XP level 3. HP: 21/21 MP: 4/4
   417 | D:1      | Found a faded altar of an unknown god.
  1048 | D:2      | Reached XP level 4. HP: 22/26 MP: 5/5
  1842 | D:3      | Reached skill level 6 in Crossbows
  2103 | D:3      | Reached skill level 1 in Armour
  2103 | D:3      | Gained mutation: Your magical nature lets you fly swiftly
                  | and evasively. [Tengu growth]
  2103 | D:3      | Reached XP level 5. HP: 27/31 MP: 6/6
  2632 | D:4      | Found a staircase to the Ecumenical Temple.
  2635 | D:4      | Noticed an ogre
  2654 | D:4      | Killed an ogre
  2663 | D:4      | Reached XP level 6. HP: 11/37 MP: 7/7
  2903 | Temple   | Entered the Ecumenical Temple
  2920 | Temple   | Became a worshipper of Warmaster Okawaru
  2972 | D:4      | Noticed a black bear
  2979 | D:4      | Killed a black bear
  3154 | D:4      | Reached skill level 7 in Crossbows
  3440 | D:4      | Reached skill level 1 in Invocations
  4294 | D:4      | Reached XP level 7. HP: 36/41 MP: 8/8
  4306 | D:4      | Slain by a gnoll

Illustrated notes

Levels and vault maps discovered:
D:1:      giann_forest_graveyard, layout_basic,
          hellmonk_ecumenical_altar_blasted, serial_shops, shop
D:2:      layout_rooms
D:3:      layout_basic, chequers_serial_rivers_room_b, chequers_decorated_corner
D:4:      minmay_goblin_kobold_castle, layout_rooms,
          minmay_temple_entry_statues_fountains
Temple:   nicolae_temple_the_god_donut

Skill      XL: |  1  2  3  4  5  6 |
---------------+-------------------+-----
Crossbows      | 5 6 7 |  7.1
Armour         | 1 2 |  2.6
Fighting       | 3 |  3.4
Invocations    | 1 |  1.2
Short Blades   | |  0.3
Axes           | |  0.2
Dodging        | |  2.3
Stealth        | |  1.7

Action                   |  1- 3 |  4- 6 |  7- 9 || total
-------------------------+-------+-------+-------++-------
Melee: Short sword       |     2 |     3 |       ||     5
       Hand axe          |       |    49 |     6 ||    55
       Peck              |       |     8 |       ||     8
       Kick              |       |    10 |     1 ||    11
 Fire: Hand crossbow     |    76 |    54 |       ||   130
  Use: Scroll            |       |     9 |       ||     9
Armor: Leather armour    |     3 |       |       ||     3
       Ring mail         |     5 |     2 |       ||     7
       Scale mail        |       |     1 |       ||     1
       Chain mail        |       |    35 |     2 ||    37
Dodge: Dodged            |    11 |    44 |     1 ||    56

Table legend: (Time is in decaauts)
 A = Elapsed time spent in this place.
 B = Non-inter-level travel time spent in this place.
 C = Inter-level travel time spent in this place.
 D = Time resting spent in this place.
 E = Time spent auto-exploring this place.
 F = Levels seen in this place.
 G = Mean time per level.
                   A        B        C        D        E       F      G
               +--------+--------+--------+--------+--------+-----+--------+
         Total |   4241 |   4119 |    122 |    671 |   2779 |   5 |  848.2 |
       Dungeon |   4213 |   4105 |    108 |    671 |   2772 |   4 | 1053.2 |
        Temple |     28 |     15 |     13 |      0 |      7 |   1 |   28.0 |
               +--------+--------+--------+--------+--------+-----+--------+

Top non-repeatable levels by time:
     D:4: 1612 daAuts
     D:3: 1078 daAuts
     D:1: 827 daAuts
     D:2: 695 daAuts
  Temple: 28 daAuts
